 Dungeon Crawl Stone Soup version 0.31-a0-441-g867994ef1c (webtiles) character file.

Game seed: 13591475267996945285

7102 jasper the Nimble (level 10, -1/66 HPs)
             Began as a Spriggan Shapeshifter on Aug 2, 2023.
             Was a High Priest of Okawaru.
             Slain by a killer bee (2 damage)
             ... on level 9 of the Dungeon.
             The game lasted 00:17:11 (7228 turns).

jasper the Nimble (Spriggan Shapeshifter)           Turns: 7228, Time: 00:17:12

Health: -1/66      AC:  9    Str: 16    XL:     10   Next: 84%
Magic:  12/12      EV: 20    Int: 10    God:    Okawaru [*****.]
Gold:   340        SH:  5    Dex: 32    Spells: 9/9 levels left

rFire   . . .        l - melded +3 sling
rCold   . . .        (shield currently unavailable)
rNeg    . . .        p - melded +0 acid dragon scales
rPois   .            (helmet currently unavailable)
rElec   .            (cloak currently unavailable)
rCorr   .            (gloves unavailable)
SInv    +            (boots unavailable)
Will    +....        g - amulet of reflection
Stlth   ++++         k - +6 ring of dexterity
HPRegen 0.31/turn    m - +6 ring of dexterity
MPRegen 0.13/turn

%: reflection
@: lethally poisoned (-1 -> -9), snake-form
A: constrict, boosted hp, large, no large weapons, unfitting armour, see
invisible, (speed 3)
a: Begin Untransformation, Renounce Religion, Heroism, Finesse, Duel


You were on level 9 of the Dungeon.
You worshipped Okawaru.
Okawaru was extremely pleased with you.
You were an enormous anaconda.
You visited 2 branches of the dungeon, and saw 10 of its levels.

You collected 444 gold pieces.
You spent 104 gold pieces at shops.

Inventory:

Hand Weapons
 l - a +3 sling (melded)
Missiles
 f - 14 poisoned darts (quivered)
 r - 10 atropa-tipped darts
Armour
 a - a +1 animal skin
 p - +0 acid dragon scales (melded)
 C - +0 storm dragon scales
Jewellery
 g - an amulet of reflection (around neck)
 i - a ring of flight
 k - a +6 ring of dexterity (left hand)
 m - a +6 ring of dexterity (right hand)
 D - a ring of resist corrosion
Talismans
 c - a beast talisman
 e - a serpent talisman (active)
 A - a dragon-blood talisman
Wands
 v - a wand of flame (40)
 w - a wand of polymorph (4)
 y - a wand of quicksilver (16)
Scrolls
 h - a scroll of amnesia
 n - a scroll of acquirement {unknown}
 o - a scroll of vulnerability
 q - 2 scrolls of fog
 u - 3 scrolls of enchant armour
 B - a scroll of teleportation
 E - a scroll of immolation
 H - 3 scrolls of blinking
Potions
 b - 4 potions of lignification
 d - a potion of attraction
 j - 4 potions of curing
 t - a potion of magic
 x - 2 potions of mutation
 z - 2 potions of haste {unknown}
 F - a potion of might {unknown}
 G - a potion of resistance {unknown}


   Skills:
 + Level 7.4 Fighting
 - Level 10.0 Dodging
 - Level 6.0 Stealth
 + Level 7.6 Unarmed Combat
 - Level 2.0 Invocations
 - Level 9.1 Shapeshifting


You had 9 spell levels left.
You didn't know any spells.
Your spell library contained the following spells:

 Spells                   Type           Power      Damage    Failure   Level
 Blink                    Tloc           0%         N/A       50%         2
 Lesser Beckoning         Tloc           0%         N/A       50%         2
 Momentum Strike          Conj/Tloc      0%         3d8       50%         2
 Ozocubu's Refrigeration  Ice            0%         4d7       100%        7
 Polar Vortex             Ice            0%         N/A       100%        9
 Simulacrum               Ice/Necr       Unusable   N/A       N/A         6

Dungeon Overview and Level Annotations

Branches:
Dungeon (9/15)             Temple (1/1) D:6
   Lair: D:8-11         Orc: D:9-12

Altars:
Cheibriados
Dithmenos
Elyvilon
Fedhas
Gozag
Hepliaklqana
Kikubaaqudgha
Makhleb
Okawaru
Qazlal
Ru
Sif Muna
Trog
Uskayaw
Vehumet
Wu Jian
Xom

Shops:
D:3 !

Annotations:
D:2 1 runed translucent door, Crazy Yiuf
D:3 Ijyb
D:8 3 runed translucent doors, Loveship's ghost, novice MfSh


Innate Abilities, Weirdness & Mutations

You are an enormous anaconda.
You have a powerful constriction melee attack.
Your maximum health is increased.
Your armour is entirely melded.
You are incapable of wielding weapons or throwing items.
You are very small and have problems with some larger weapons.
You are too small for most types of armour.
You have supernaturally acute eyesight. (SInv)
((You cover ground extremely quickly. (Speed+++)))


Message History

The killer bee stings you but does no damage.
The killer bee attacks as you move away!
The killer bee stings you but does no damage.
The killer bee misses you. The shadow hits you!
* * * LOW HITPOINT WARNING * * *
You take 7 damage, and have 16/66 hp.
The killer bee attacks as you move away!
You block the killer bee's attack. The shadow attacks as you move away!
The shadow hits you. The killer bee closely misses you. x2
The killer bee attacks as you move away!
The killer bee stings you!
* * * LOW HITPOINT WARNING * * *
The killer bee attacks as you move away!
The killer bee completely misses you.
Found an escape hatch in the floor.
The killer bee completely misses you. x2; The killer bee misses you.
You take 7 damage, and have 10/66 hp.
The killer bee attacks as you move away!
The killer bee misses you.
The killer bee attacks as you move away!
The killer bee barely misses you. The killer bee closely misses you.
The killer bee barely misses you. x2
You hit the killer bee. Your grab misses the killer bee.
The killer bee is lightly wounded.
You block the killer bee's attack. The killer bee misses you.
The killer bee completely misses you. You block the killer bee's attack.
The killer bee attacks as you move away!
The killer bee completely misses you.
The shadow slips into darkness.
The shadow flickers and vanishes for a moment.
The killer bee stings you.
* * * LOW HITPOINT WARNING * * *
You block the killer bee's attack.
You take 4 damage, and have 7/66 hp.
You feel better. The killer bee stings you.
* * * LOW HITPOINT WARNING * * *
The killer bee barely misses you. The killer bee stings you.
* * * LOW HITPOINT WARNING * * *
You are lethally poisoned!
The killer bee poisons you! The killer bee stings you.
You die...

....... #...... # ##
#..... .. + #.#+
##.... ... .###.
#..###...# ....
.....###......##.....
##>...........$.(....
.......y.....?)......
....##SyW....##.....
....##yy.....# ...
.....F......# #
..##.......#
#######.......#
#....#........# .
#....#........# ..
####....#........#..
##.......##..........


You could see a shadow (invisible), a bullfrog and 4 killer bees.

Vanquished Creatures
  A two-headed ogre (D:9)
  Amaemon (D:9)
  Pikel (D:8)
  An orange demon (D:9)
  Maggie (D:8)
  A kobold demonologist (D:9)
  A wyvern (D:8)
  3 yaks (D:9)
  Eustachio (D:5)
  A steam dragon (D:6)
  3 water moccasins
  Edmund (D:5)
  An acid dragon (D:8)
  Duvessa (D:5)
  A sky beast (D:8)
  2 black bears (D:6)
  2 ice beasts
  3 orc warriors
  2 ogres (D:6)
  A lemure (D:8)
  3 centaurs
  A phantom (D:4)
  2 kobold brigands
  A bullfrog (D:6)
  A scorpion (D:5)
  8 wights
  Dowan (D:5)
  6 killer bees
  3 howler monkeys
  A crimson imp (D:7)
  4 orc priests
  6 hounds
  A jelly (D:7)
  A sleepcap (D:5)
  9 orc wizards
  Robin (D:2)
  8 adders
  3 gnolls (D:2)
  2 worms
  4 dart slugs
  30 orcs
  6 bats
  4 endoplasms
  7 giant cockroaches
  14 goblins
  11 hobgoblins
  7 jackals
  12 kobolds
  4 quokkas
  7 ball pythons
  2 frilled lizards
  3 rats
202 creatures vanquished.

Notes
Turn   | Place    | Note
-------+----------+-------------------------------------------
     0 | D:1      | jasper the Spriggan Shapeshifter began the quest for the
                  | Orb.
     0 | D:1      | Reached XP level 1. HP: 9/9 MP: 2/2
   116 | D:1      | Reached skill level 1 in Stealth
   203 | D:1      | Reached XP level 2. HP: 14/14 MP: 3/3
   841 | D:2      | Reached XP level 3. HP: 17/17 MP: 4/4
   962 | D:2      | Reached skill level 5 in Stealth
  1100 | D:2      | Found a radiant altar of Vehumet.
  1196 | D:2      | Noticed Robin
  1210 | D:2      | Reached XP level 4. HP: 21/21 MP: 5/5
  1230 | D:2      | Killed Robin
  1283 | D:2      | Reached skill level 1 in Fighting
  1337 | D:2      | Reached skill level 3 in Dodging
  1358 | D:2      | Found a runed translucent door.
  1359 | D:2      | Noticed Crazy Yiuf
  1739 | D:3      | Reached XP level 5. HP: 10/25 MP: 6/6
  1836 | D:3      | Found Myecoi's Distillery.
  1844 | D:3      | Bought a potion of curing for 39 gold pieces
  1844 | D:3      | Bought a potion of heal wounds for 65 gold pieces
  1956 | D:3      | Noticed Ijyb
  2085 | D:4      | Reached skill level 5 in Shapeshifting
  2236 | D:4      | Reached XP level 6. HP: 22/30 MP: 7/7
  2492 | D:4      | Found a hide-covered altar of Uskayaw.
  2775 | D:5      | Entered Level 5 of the Dungeon
  2799 | D:5      | Reached XP level 7. HP: 33/33 MP: 8/8
  2813 | D:5      | Noticed Duvessa
  2813 | D:5      | Noticed Dowan
  2824 | D:5      | Killed Duvessa
  2828 | D:5      | Killed Dowan
  3057 | D:5      | Noticed Edmund
  3108 | D:5      | Killed Edmund
  3314 | D:5      | Noticed Eustachio
  3321 | D:5      | Killed Eustachio
  3322 | D:5      | Reached skill level 4 in Dodging
  3322 | D:5      | Reached XP level 8. HP: 35/39 MP: 9/9
  3620 | D:6      | Found a bloodstained altar of Trog.
  3766 | D:6      | Reached skill level 5 in Dodging
  3814 | D:6      | Found a staircase to the Ecumenical Temple.
  3826 | Temple   | Entered the Ecumenical Temple
  3833 | Temple   | Became a worshipper of Warmaster Okawaru
  4114 | D:6      | Reached skill level 6 in Dodging
  4329 | D:6      | Reached * piety under Okawaru
  4664 | D:6      | Reached XP level 9. HP: 45/45 MP: 10/10
  4703 | D:6      | Reached skill level 7 in Dodging
  5280 | D:7      | Reached ** piety under Okawaru
  5281 | D:7      | Reached skill level 5 in Unarmed Combat
  5454 | D:7      | Found a burning altar of Makhleb.
  5610 | D:7      | Reached skill level 1 in Invocations
  5812 | D:8      | Reached skill level 8 in Dodging
  5940 | D:8      | Reached skill level 5 in Fighting
  6019 | D:8      | Reached *** piety under Okawaru
  6048 | D:8      | Found a runed translucent gate.
  6063 | D:8      | Found a runed translucent gate.
  6063 | D:8      | Found a runed translucent gate.
  6063 | D:8      | Noticed a spectral unseen horror
  6063 | D:8      | Noticed Loveship's ghost (novice MfSh)
  6251 | D:8      | Noticed Pikel
  6256 | D:8      | Noticed Maggie
  6270 | D:8      | Killed Pikel
  6271 | D:8      | Reached skill level 9 in Dodging
  6271 | D:8      | Reached XP level 10. HP: 52/52 MP: 12/12
  6280 | D:8      | Killed Maggie
  6283 | D:8      | Reached **** piety under Okawaru
  6854 | D:9      | Noticed Amaemon
  6864 | D:9      | Noticed an orange demon
  6869 | D:9      | Killed Amaemon
  6869 | D:9      | Reached ***** piety under Okawaru
  6870 | D:9      | Reached skill level 10 in Dodging
  6875 | D:9      | Killed an orange demon
  7208 | D:9      | Noticed a two-headed ogre
  7220 | D:9      | Killed a two-headed ogre
  7228 | D:9      | HP: 1/66 [killer bee (6)]
  7228 | D:9      | Slain by a killer bee

Illustrated notes

Levels and vault maps discovered:
D:1:      amcnicky_arrival_choice, layout_basic, grunt_decor_arrowhead,
          minmay_indecisive_spiral
D:2:      layout_basic, basic_altar, uniq_robin, uniq_crazy_yiuf_cottage
D:3:      kennysheep_big_flooded_room, layout_basic, serial_shops,
          nicolae_shop_just_a_little_nook, minmay_surrounded, uniq_ijyb
D:4:      layout_rooms, mainiacjoe_overflow_24_doors
D:5:      layout_loops_cross, uniq_eustachio, uniq_duvessa, uniq_edmund
D:6:      layout_loops_cross, trog_book, temple_fountains,
          serial_co_window_serial, co_window_paths_a, co_window_paths_a,
          co_window_paths_b, co_window_paths_b, co_window_corner_a,
          co_window_broadway_a, co_window_broadway_a, co_window_broadway_b,
          co_window_corner_b, co_window_corner_b, co_window_corner_b,
          co_window_corner_ca, co_window_4corner_a, glass_columns_a,
          glass_columns_b, glass_columns_a, glass_columns_a
D:7:      layout_gridville, makhleb_grotto_becter
D:8:      layout_basic, gammafunk_ghost_necromancy, uniq_maggie, uniq_pikel
D:9:      layout_gridville, nemelex_spade_bored_becter, david_lair_shrubbed,
          serial_shops, nicolae_shop_advertising_works
          [nicolae_subvault_shop_adworks], chequers_serial_rivers_micro_c,
          nicolae_sextant, uniq_amaemon
Temple:   eino_temple_lava

Skill      XL: |  1  2  3  4  5  6  7  8  9 10 |
---------------+-------------------------------+-----
Stealth        | 2 4 5 6 |  6.0
Fighting       | 1 2 3 5 7 |  7.4
Dodging        | 3 4 6 9 10 | 10.0
Shapeshifting  | 6 7 9 |  9.1
Unarmed Combat | 3 4 6 7 |  7.6
Invocations    | 2 |  2.0

Action                     |  1- 3 |  4- 6 |  7- 9 | 10-12 || total
---------------------------+-------+-------+-------+-------++-------
  Melee: Unarmed           |    20 |       |   120 |    74 ||   214
         Constrict         |       |       |    33 |    17 ||    50
   Fire: Sling             |    32 |   152 |   152 |       ||   336
  Throw: Dart              |    14 |     3 |       |       ||    17
Ability: Begin Untransform |       |       |       |     1 ||     1
    Use: Scroll            |     4 |     9 |     4 |       ||    17
         Potion            |       |       |     3 |     4 ||     7
   Stab: Sleeping          |       |       |     4 |     1 ||     5
         Distracted        |       |       |     1 |     1 ||     2
         Invisible         |       |       |       |     4 ||     4
 Armour: Animal skin       |     1 |     1 |     5 |       ||     7
         Skin              |       |       |    25 |    16 ||    41
  Dodge: Dodged            |    17 |    47 |   157 |    93 ||   314
  Block: Other             |     4 |    11 |    40 |    25 ||    80
         Reflection        |     1 |       |     4 |       ||     5
   Form: Anaconda          |       |       |     1 |     1 ||     2

Table legend: (Time is in decaauts)
 A = Elapsed time spent in this place.
 B = Non-inter-level travel time spent in this place.
 C = Inter-level travel time spent in this place.
 D = Time resting spent in this place.
 E = Time spent auto-exploring this place.
 F = Levels seen in this place.
 G = Mean time per level.
                   A        B        C        D        E       F      G
               +--------+--------+--------+--------+--------+-----+--------+
         Total |   5744 |   5495 |    249 |    322 |   3790 |  10 |  574.4 |
       Dungeon |   5734 |   5489 |    245 |    322 |   3790 |   9 |  637.1 |
        Temple |     10 |      7 |      3 |      0 |      0 |   1 |   10.0 |
               +--------+--------+--------+--------+--------+-----+--------+

Top non-repeatable levels by time:
     D:8: 961 daAuts
     D:6: 922 daAuts
     D:7: 841 daAuts
     D:4: 606 daAuts
     D:5: 570 daAuts
     D:1: 539 daAuts
     D:2: 499 daAuts
     D:9: 425 daAuts
     D:3: 368 daAuts
  Temple: 10 daAuts
